[Event "Swiss Championship U14 2022"]
[Site "Biel"]
[Date "2022.07.18"]
[Round "2.6"]
[White "Bruessow, Nina"]
[Black "Haas, Anthony"]
[Result "0-1"]
[ECO "C42"]
[WhiteElo "1655"]
[BlackElo "1638"]
[Annotator "NA RC COMBH"]
[PlyCount "64"]
[EventDate "2022.07.18"]
[EventType "swiss"]
[EventCountry "SUI"]
[SourceTitle "playchess.com"]
[Source "ChessBase"]
[SourceQuality "1"]
[TimeControl "5400+30"]

1. e4 e5 2. Nf3 Nf6 3. Nxe5 d6 4. Nf3 Nxe4 5. Nc3 Nxc3 6. dxc3 Be7 7. Be3 O-O 8. Bd3 Nd7 9. Qd2 c6 10. h4 d5 11. O-O-O Nc5 12. Be2 Ne4 13. Qe1 Qa5 14. Kb1 c5 15. Ng5 Nf6 16. f3 h6 17. Nh3 Re8 18. g4 Be6 19. Nf4 Bd6 20. Nxe6 Rxe6 21. g5 Nh5 22. Rxd5 Rxe3 23. Rxd6 Rae8 24. Rd2 Nf4 25. Qg3 Nxe2 26. Qg4 Qb6 27. Ka1 Qe6 28. Qa4 Ng3 29. Rg1 Re1+ 30. Rd1 Rxg1 31. Rxg1 Qe1+ 32. Rxe1 Rxe1# 0-1

[Event "Swiss Championship U14 2022"]
[Site "Biel"]
[Date "2022.07.18"]
[Round "2.7"]
[White "Gade, Niels Severin"]
[Black "Artan, Tamir"]
[Result "0-1"]
[ECO "C50"]
[WhiteElo "1505"]
[BlackElo "1590"]
[Annotator "NA COMBH"]
[PlyCount "82"]
[EventDate "2022.07.18"]
[EventType "swiss"]
[EventCountry "SUI"]
[SourceTitle "playchess.com"]
[Source "ChessBase"]
[SourceQuality "1"]
[TimeControl "5400+30"]

1. e4 e5 2. Nf3 Nc6 3. Bc4 Bc5 4. Nc3 Nf6 5. d3 d6 6. h3 Na5 7. Bb3 a6 8. Bg5 Nxb3 9. axb3 h6 10. Be3 Bxe3 11. fxe3 Bd7 12. O-O Qe7 13. d4 O-O-O 14. dxe5 dxe5 15. Nd5 Nxd5 16. exd5 g5 17. e4 h5 18. Qd2 g4 19. Ng5 f6 20. d6 cxd6 21. Qc3+ Kb8 22. Qc4 fxg5 23. Rf7 Qe6 24. Qxe6 Bxe6 25. Rf6 Bc8 26. hxg4 Bxg4 27. Raf1 Rh7 28. Rg6 Rc7 29. c3 d5 30. exd5 Rxd5 31. Rxg5 Rd2 32. Rf2 Rd1+ 33. Kh2 Re7 34. c4 e4 35. Rg8+ Ka7 36. Rff8 Kb6 37. Re8 Rxe8 38. Rxe8 Re1 39. b4 e3 40. Re7 e2 41. c5+ Kc6 0-1

[Event "Swiss Championship U14 2022"]
[Site "Biel"]
[Date "2022.07.18"]
[Round "2.8"]
[White "Stoll, Arturo"]
[Black "Delangle, Alexander"]
[Result "1-0"]
[ECO "C52"]
[WhiteElo "1434"]
[BlackElo "1612"]
[Annotator "NA RC COMBH"]
[PlyCount "171"]
[EventDate "2022.07.18"]
[EventType "swiss"]
[EventCountry "SUI"]
[SourceTitle "playchess.com"]
[Source "ChessBase"]
[SourceQuality "1"]
[TimeControl "5400+30"]

1. e4 e5 2. Nf3 Nc6 3. Bc4 Bc5 4. b4 Bxb4 5. c3 Ba5 6. d4 d6 7. Qb3 Qd7 8. O-O Bb6 9. Bb5 exd4 10. cxd4 a6 11. Ba4 Ba7 12. d5 b5 13. dxc6 Qxc6 14. Qc2 Bb7 15. Qxc6+ Bxc6 16. Bc2 Nf6 17. Nbd2 O-O 18. Bb2 Nd7 19. Bd4 Nc5 20. Bxc5 Bxc5 21. a4 Rfe8 22. Rfc1 Re7 23. e5 Rae8 24. Ne4 Bxe4 25. Bxe4 b4 26. Bd3 a5 27. Bb5 Rb8 28. exd6 cxd6 29. Re1 Kf8 30. Rxe7 Kxe7 31. Nd2 d5 32. Nb3 Bb6 33. Kf1 Rc8 34. Rc1 Rc3 35. Rxc3 bxc3 36. Bd3 h6 37. Ke2 Kd6 38. Bc2 d4 39. Kd3 Kd5 40. Bd1 g5 41. g4 Ke5 42. h3 f6 43. Kc4 Ke4 44. Bc2+ Kf3 45. Nxd4+ Kg2 46. Nf5 Bxf2 47. Kxc3 Kxh3 48. Nxh6 Kg3 49. Bf5 Kf4 50. Kc4 Bb6 51. Kd5 Ke3 52. Ke6 Bd8 53. Ng8 Kf3 54. Nxf6 Kf4 55. Ne8 Kg3 56. Nd6 Bb6 57. Kf6 Kf4 58. Nf7 Bc7 59. Bd7 Bb6 60. Kg6 Be3 61. Nxg5 Bc1 62. Nh7 Ke5 63. g5 Kd6 64. Bb5 Ke7 65. Kg7 Bb2+ 66. Kg8 Ba1 67. g6 Bb2 68. g7 Ba1 69. Nf8 Kd6 70. Kf7 Bxg7 71. Kxg7 Kc5 72. Kf6 Kb6 73. Nd7+ Kb7 74. Ke7 Ka7 75. Kd6 Kb7 76. Bc6+ Kc8 77. Bd5 Kd8 78. Bf7 Kc8 79. Ne5 Kb7 80. Nc6 Kb6 81. Be6 Ka6 82. Bc8+ Kb6 83. Nd4 Ka7 84. Kc7 Ka8 85. Bb7+ Ka7 86. Nc6# 1-0

[Event "Swiss Championship U14 2022"]
[Site "Biel"]
[Date "2022.07.19"]
[Round "3.1"]
[White "Arsenie, Cristian Marc"]
[Black "Mattenberger, Matthias"]
[Result "1/2-1/2"]
[ECO "B90"]
[WhiteElo "2001"]
[BlackElo "2005"]
[Annotator "TA"]
[PlyCount "65"]
[EventDate "2022.07.18"]
[EventType "swiss"]
[EventCountry "SUI"]
[SourceTitle "playchess.com"]
[Source "ChessBase"]
[SourceQuality "1"]
[TimeControl "5400+30"]

1. e4 c5 2. Nf3 d6 3. d4 cxd4 4. Nxd4 Nf6 5. Nc3 a6 6. Rg1 e5 7. Nb3 Be6 8. g4 {[%emt 0:00:08] B90: Sicilian Najdorf: Unusual White 6th moves, 6 Be3 Ng4 and 6 Be3 e5.} d5 9. exd5 Nxd5 10. Nxd5 {[%emt 0:00:08] The position is equal.} Qxd5 11. Qxd5 Bxd5 12. Be3 Be7 13. O-O-O Bf3 14. Rd2 {[%emt 0:09:44] [#]} Nd7 $146 ({Predecessor:} 14... Nc6 15. Rg3 e4 16. Be2 Ne5 17. Nd4 Bxe2 18. Rxe2 O-O-O 19. Nf5 Bf6 20. g5 g6 {1-0 (35) Omorjan,D (2254)-Bilic,M (2041) Kragujevac 2019}) 15. Bg2 Bxg2 16. Rxg2 O-O-O 17. c3 Nf6 18. Bb6 Rxd2 19. Nxd2 Nd5 20. Be3 Nxe3 21. fxe3 $15 {[%emt 0:00:08][%mdl 4096] Endgame KRB-KRN} Kd7 22. Kc2 Ke6 23. a4 Rc8 24. Kd3 b5 25. axb5 axb5 26. Rg1 Rd8+ 27. Kc2 Bc5 28. Re1 f6 29. b4 Bb6 30. c4 bxc4 31. Nxc4 Rc8 32. Kb3 Bd8 (32... Rb8 $5 ) 33. Ra1 {[%emt 0:05:49] Weighted Error Value: White=0.04 (flawless) /Black=0.09 (flawless)} 1/2-1/2

[Event "Swiss Championship U14 2022"]
[Site "Biel"]
[Date "2022.07.19"]
[Round "3.2"]
[White "Breyer, Philippe"]
[Black "Malli, Suvirr"]
[Result "1-0"]
[ECO "B29"]
[WhiteElo "1743"]
[BlackElo "1957"]
[Annotator "TA"]
[PlyCount "63"]
[EventDate "2022.07.18"]
[EventType "swiss"]
[EventCountry "SUI"]
[SourceTitle "playchess.com"]
[Source "ChessBase"]
[SourceQuality "1"]
[TimeControl "5400+30"]

1. e4 c5 2. Nf3 Nc6 3. Nc3 Nf6 4. e5 Ng4 5. Qe2 Qc7 (5... f6 $142) 6. Nd5 (6. Nb5 $11 Qb8 7. d4) 6... Qb8 $15 7. d3 (7. d4 $15) 7... e6 $1 $17 8. h3 {[%emt 0:02:18] Black is better.} Ngxe5 9. Nxe5 Nxe5 (9... Qxe5 10. Qxe5 Nxe5 11. Nc7+ Kd8 12. Nxa8 $16) 10. f4 Nc6 {[%emt 0:03:31] And now ...Nd4 would win.} (10... exd5 11. fxe5 Be7 12. Bf4 $15) 11. c3 {[%emt 0:02:11] Prevents Nd4.} (11. Nc3 $17) 11... Bd6 ({Avoid the trap} 11... Kd8 $2 12. Ne3) (11... Qd6 $19 12. Ne3 Qxf4) 12. g3 O-O 13. Ne3 Bc7 14. Bg2 d5 15. O-O b5 16. Qg4 Qb6 17. f5 Ne5 (17... exf5 $1 $17 18. Nxf5 Bxf5 19. Qxf5 Ne7) 18. Qe2 (18. Qh5 $1 $11 g6 19. Qh6 gxf5 20. g4) 18... Bb7 19. f6 {[%emt 0:02:27] [#] aiming for Qh5.} gxf6 (19... g6 $1 $17) 20. Ng4 $14 Nxg4 21. Qxg4+ Kh8 {[%emt 0:00:05] Threatens to win with ...Rg8.} 22. Rxf6 Rg8 $2 {[%emt 0:11:07] [#]} ({Better is} 22... Qd6 $1 $14) 23. Qh5 $40 {[%emt 0:00:25][%mdl 128] White wants a kill.} (23. Bg5 $1 $18 {is the precise move to win.} Rg7 24. Raf1) 23... Rg7 (23... Raf8 $16) 24. Rxf7 Rag8 (24... e5 $142 25. Bg5 (25. Rxg7 Kxg7 26. Be3 Qg6 $16) 25... Qg6 26. Qxg6 Rxg6) 25. Rxg7 $18 Rxg7 26. Bh6 {[%emt 0:02:06] Intending Rf1 and mate.} Rg8 (26... e5 $142 27. Bxg7+ Kxg7) 27. Rf1 {[%emt 0:00:41] White wants to mate with Qf7.} ({Not} 27. Qf7 e5 $14) 27... Qd6 28. Rf7 (28. Bg5 $142 Rxg5 29. Qxg5) 28... Rxg3 29. Rf8+ (29. Kf1 $142 Rxg2 30. Rxh7+ Kxh7 31. Bf8+ Kg8 32. Bxd6) 29... Rg8 30. Rxg8+ {[%emt 0:00:06][%mdl 64] Back Rank. White mates.} Kxg8 31. Qe8+ Qf8 32. Qxf8# {[%emt 0:00:03] Weighted Error Value: White=0.60/Black=0.95} 1-0

[Event "Swiss Championship U14 2022"]
[Site "Biel"]
[Date "2022.07.19"]
[Round "3.3"]
[White "Scherler, Julius"]
[Black "Breyer, Thierry"]
[Result "1-0"]
[ECO "B53"]
[WhiteElo "1971"]
[BlackElo "1683"]
[Annotator "TA"]
[PlyCount "77"]
[EventDate "2022.07.18"]
[EventType "swiss"]
[EventCountry "SUI"]
[SourceTitle "playchess.com"]
[Source "ChessBase"]
[SourceQuality "1"]
[TimeControl "5400+30"]

1. e4 c5 2. Nf3 d6 3. d4 cxd4 4. Qxd4 a6 5. Be2 Nc6 6. Qe3 {[%emt 0:00:51] B53: Sicilian: 2...d6: Lines with Qxd4.} Nf6 7. O-O g6 8. h3 {[%emt 0:00:04] The position is equal.} Bg7 9. Rd1 Nd7 {[%emt 0:00:57] Prevents e5.} 10. Nc3 O-O 11. b3 {[%emt 0:00:50] [#]} Nb4 $146 ({Predecessor:} 11... b6 12. Bb2 Bb7 13. Rab1 Rc8 14. Nd5 e6 15. Bxg7 Kxg7 16. Nf4 Qe7 17. Rd2 Rfd8 {0-1 (43) Ivanov,M (2360)-Wu,R (2176) Las Vegas 2021}) 12. Rd2 ({Better is} 12. Qd2 $11) 12... Qc7 (12... Qb6 $15 13. Bb2 Qxe3 14. fxe3 Nc5) 13. Bb2 (13. Nd4 $1 $11) 13... Nf6 (13... Qc5 $15 {stays ahead.}) 14. Rb1 (14. Rad1 $1 $16) 14... e6 (14... Qc5 $1 $11) 15. Ba3 $36 {[%emt 0:35:53][%mdl 2048] White has strong initiative.} Ng4 16. hxg4 $18 Bxc3 {[%emt 0:00:39] [#]} 17. Rxd6 Nxc2 $16 (17... b5 18. Rbd1) 18. Qc5 Qe7 {[%emt 0:03:42][%mdl 8192] Loses the game.} 19. Rd3 $18 ({Weaker is} 19. Qxc3 Nxa3 20. Rbd1 Nb5 21. Bxb5 axb5 $16) 19... Qxc5 20. Bxc5 Bb4 21. Bxf8 Bxf8 22. Rd8 Nb4 23. Ne5 Kg7 (23... Nxa2 $142 24. Nc4 Nc3) 24. Rc1 {[%emt 0:02:05][%cal Bb1c1,Bc1c6,Bc6a6,Ba6a8,Ba8c8][%mdl 32] White is clearly winning.} Nc6 25. Nxc6 bxc6 26. Rxc6 Bb7 27. Rxa8 Bxa8 28. Rxa6 Bxe4 {[%emt 0:00:07][%mdl 4096] Endgame KRB-KB} 29. Bf3 Bd3 30. Ra8 Bc2 31. Rc8 Bb1 32. a4 Bb4 33. Rb8 Bd6 34. Rd8 Bc7 35. Rc8 Bb6 36. Rb8 Bc7 37. Rb7 Bd8 38. b4 {[%emt 0:00:09] Hoping for a5.} Bc2 39. a5 {[%emt 0:00:22] Weighted Error Value: White=0.25 (precise) /Black=0.64} 1-0

[Event "Swiss Championship U14 2022"]
[Site "Biel"]
[Date "2022.07.19"]
[Round "3.4"]
[White "Artan, Tamir"]
[Black "Gut, Lionel"]
[Result "1/2-1/2"]
[ECO "B94"]
[WhiteElo "1590"]
[BlackElo "1957"]
[Annotator "TA"]
[PlyCount "78"]
[EventDate "2022.07.18"]
[EventType "swiss"]
[EventCountry "SUI"]
[SourceTitle "playchess.com"]
[Source "ChessBase"]
[SourceQuality "1"]
[TimeControl "5400+30"]

1. e4 c5 2. Nf3 d6 3. d4 cxd4 4. Nxd4 Nf6 5. Nc3 a6 6. Bg5 Nbd7 7. Bc4 Qb6 8. Qd2 e6 (8... Qxb2 $11 9. Rb1 Qa3) 9. O-O Be7 10. Be3 {[%emt 0:00:00][%cal Od4e6] Threatens to win with Nxe6!} Qc7 $2 {[%emt 0:04:57] [#]} (10... Nc5 $11 {and Black is okay.}) 11. Bxe6 $1 $18 fxe6 (11... O-O 12. Bb3) 12. Nxe6 Qc4 13. Nxg7+ Kf7 14. Nf5 Nxe4 (14... Bf8 {might work better.} 15. Nxd6+ Bxd6) 15. Nxe4 (15. Qd4 Qxd4 16. Bxd4 Ndf6 17. Nh6+ (17. Nxe7 Nxc3 18. Rae1 Nce4 $11) 17... Kg6 18. Nxe4 Rf8 $11) 15... Qxe4 16. Nh6+ (16. Nxd6+ Bxd6 17. Qxd6 Rg8 18. Qf4+ Qxf4 19. Bxf4 Nf6 $17) 16... Ke8 $2 (16... Kf8 17. Rae1 Qg6) 17. Rfe1 (17. Rae1 $142 Qe6 18. Bg5) 17... Ne5 18. f4 Nc4 19. Qc3 (19. Qd4 Qxd4 20. Bxd4 Rf8 $11) 19... Rf8 20. Bd2 (20. Bd4 Qxf4 21. Qxc4 Qxh6 $11) 20... Qd5 21. Rxe7+ $2 Kxe7 $11 22. Qg7+ Ke8 23. Re1+ Ne5 (23... Be6 $1 $11 {keeps the balance.} 24. Bc3 Ne5 25. fxe5 Qc5+ 26. Kh1 Qc4) 24. Bc1 $2 {[%emt 0:03:09][%mdl 8192] Really sharp! White is much more active. The black rooks are badly placed.} (24. Be3 $1 $16 {is forced if you want to stay better.}) 24... Qd4+ $19 25. Kh1 {[%emt 0:10:40] [#]} Qf2 (25... Be6 $1 $17 26. Ng4 (26. fxe5 Qxe5) 26... Bxg4 27. Qxg4 Kf7 28. Qh5+ Kg8 29. fxe5 Rae8 30. Qg5+ (30. e6 $2 Rxe6 31. Rd1 Re5 $19) 30... Kh8) 26. Rxe5+ $11 {[%emt 0:00:00] The position is equal.} dxe5 27. Qxe5+ Kd8 28. Qg5+ $1 Kc7 29. Qe5+ Kd7 30. Qd5+ Ke7 31. Qg5+ Rf6 32. Ng8+ {[%emt 0:00:00][%mdl 64] Pin, Double Attack} Kf7 33. Qxf6+ Kxg8 34. Qd8+ Kf7 35. Qc7+ Ke8 (35... Kg6 $5 36. Qd6+ Kh5 37. Qe5+ Kg6 38. Qd6+ (38. Qe8+ Kg7 $11) 38... Kh5 39. Qe5+ Kg6 40. Qd6+ $11 (40. Qe8+ Kg7 $11)) 36. Qe5+ Kd8 37. Qg5+ Kc7 38. Qe5+ Kc6 39. Qe4+ Kd7 {[%emt 0:00:50] Weighted Error Value: White=0.26 (precise) /Black=0.38} 1/2-1/2

[Event "Swiss Championship U14 2022"]
[Site "Biel"]
[Date "2022.07.19"]
[Round "3.5"]
[White "Gut, Raphael"]
[Black "Stoll, Arturo"]
[Result "0-1"]
[ECO "E36"]
[WhiteElo "1898"]
[BlackElo "1434"]
[Annotator "NA RC COMBH"]
[PlyCount "112"]
[EventDate "2022.07.18"]
[EventType "swiss"]
[EventCountry "SUI"]
[SourceTitle "playchess.com"]
[Source "ChessBase"]
[SourceQuality "1"]
[TimeControl "5400+30"]

1. d4 Nf6 2. c4 e6 3. Nc3 Bb4 4. Qc2 d5 5. a3 Bxc3+ 6. Qxc3 O-O 7. Bg5 c5 8. dxc5 d4 9. Qf3 {[%emt 0:01:22] is recently more successful than 9.Qg3.} Nbd7 {[%emt 0:18:07] [#]} 10. Rd1 $146 ({Predecessor:} 10. e3 h6 11. Bxf6 Nxf6 12. O-O-O e5 13. Ne2 d3 14. Nc3 Bg4 15. Rxd3 Qa5 16. Qxb7 {0-1 (32) Bok,B (2616)-So,W (2773) Chess.com INT 2022}) 10... Qa5+ 11. b4 Qa6 (11... Qa4 $15) 12. e4 e5 $1 13. Ne2 Qc6 14. Ng3 h6 15. Bd2 a5 (15... Nxc5 $1 $11 {remains equal.} 16. bxc5 Bg4) 16. Be2 Re8 17. O-O Nf8 18. Qd3 Ng6 19. f3 Kh7 20. Rfe1 Be6 21. Bf1 axb4 22. axb4 Ra4 23. Nf5 (23. Ra1 $16 Rea8 24. Rxa4 Qxa4 25. Nf5) 23... Rea8 {[%emt 0:01:08] [#]} 24. Rb1 $1 Ra2 25. Rb3 ({White should play} 25. Bc1 $16) 25... Qa4 26. Reb1 Nh5 (26... Qd7 $14 {is superior.}) 27. g3 Bxc4 28. Qxc4 Rxd2 29. R3b2 Rxb2 30. Rxb2 Qa1 {[%emt 0:00:18] [#]} 31. Rf2 ({Better is} 31. Qc2 $1 $18) 31... Rf8 32. Nd6 Ngf4 33. gxf4 Nxf4 34. Nxb7 $17 {[%emt 0:04:41] [#]} (34. Qa2 $11 Qe1 35. Qd2 (35. Nxb7 Nh3+ 36. Kg2 Nxf2 $17)) 34... d3 ({Black should try} 34... Qe1 $1 $17 35. Re2 Nxe2+ 36. Qxe2 Qxb4) 35. Qa2 Qd4 36. Qb2 Ne2+ 37. Bxe2 Qxb2 38. Bxd3 Qxb4 39. c6 Qb6 40. Nd6 Qxc6 41. Nf5 Qc1+ 42. Bf1 Rb8 43. Ng3 g6 44. Kg2 Rb1 45. Ra2 Kg7 46. Re2 h5 47. Rf2 h4 48. Ne2 Qg5+ 49. Kh1 h3 50. Ng3 Qe3 51. Kg1 Rb2 52. Ne2 Ra2 53. f4 exf4 54. e5 f3 55. e6 fxe2 56. exf7 exf1=Q+ 0-1

[Event "Swiss Championship U14 2022"]
[Site "Biel"]
[Date "2022.07.19"]
[Round "3.6"]
[White "Rappazzo, Johannes"]
[Black "Haas, Anthony"]
[Result "1/2-1/2"]
[ECO "C42"]
[WhiteElo "1761"]
[BlackElo "1638"]
[Annotator "NA RC COMBH"]
[PlyCount "73"]
[EventDate "2022.07.18"]
[EventType "swiss"]
[EventCountry "SUI"]
[SourceTitle "playchess.com"]
[Source "ChessBase"]
[SourceQuality "1"]
[TimeControl "5400+30"]

1. e4 e5 2. Nf3 Nf6 3. Nxe5 d6 4. Nf3 Nxe4 5. Nc3 Nxc3 6. dxc3 Be7 7. Be3 O-O 8. Qd2 Nd7 9. O-O-O c6 10. h4 d5 11. h5 Nc5 12. h6 g6 13. Bd4 Ne4 14. Qe1 Bf6 15. Bd3 Re8 16. Qf1 Bg4 17. Re1 Bxd4 18. Nxd4 Nc5 19. f3 Qg5+ 20. Kb1 Rxe1+ 21. Qxe1 Nxd3 22. cxd3 Bd7 23. Qf2 b6 24. f4 Qf6 25. Re1 c5 26. Nc2 Qf5 27. Qf3 Re8 28. Rxe8+ Bxe8 29. g4 Qe6 30. d4 cxd4 31. cxd4 Bc6 32. b3 Kf8 33. Qc3 Qd6 34. Nb4 Bb7 35. Nd3 Ba6 36. Ne5 Bb7 37. Kb2 1/2-1/2

[Event "Swiss Championship U14 2022"]
[Site "Biel"]
[Date "2022.07.19"]
[Round "3.7"]
[White "Bruessow, Nina"]
[Black "Guyer, Marlon"]
[Result "1-0"]
[ECO "C45"]
[WhiteElo "1655"]
[BlackElo "1590"]
[Annotator "NA RC COMBH"]
[PlyCount "53"]
[EventDate "2022.07.18"]
[EventType "swiss"]
[EventCountry "SUI"]
[SourceTitle "playchess.com"]
[Source "ChessBase"]
[SourceQuality "1"]
[TimeControl "5400+30"]

1. e4 e5 2. Nf3 Nc6 3. d4 exd4 4. Nxd4 Bc5 5. Nb3 Bb6 6. Nc3 Nf6 7. Qe2 d6 8. Bg5 h6 9. Bh4 g5 10. Bg3 Be6 11. O-O-O Nd7 12. h4 Qf6 13. hxg5 hxg5 14. Rxh8+ Qxh8 15. Qd2 Qg7 16. Bb5 Nce5 17. f3 O-O-O 18. Bf2 Rh8 19. Nd4 Rh2 20. Bg1 Rh4 21. Nd5 Bxd4 22. Qxd4 c6 23. Ne7+ Kd8 24. Qxd6 cxb5 25. Bc5 Ke8 26. Nf5 Qf6 27. Ng7+ 1-0

[Event "Swiss Championship U14 2022"]
[Site "Biel"]
[Date "2022.07.19"]
[Round "3.8"]
[White "Delangle, Alexander"]
[Black "Gade, Niels Severin"]
[Result "1-0"]
[ECO "B50"]
[WhiteElo "1612"]
[BlackElo "1505"]
[Annotator "NA RC COMBH"]
[PlyCount "96"]
[EventDate "2022.07.18"]
[EventType "swiss"]
[EventCountry "SUI"]
[SourceTitle "playchess.com"]
[Source "ChessBase"]
[SourceQuality "1"]
[TimeControl "5400+30"]

1. e4 c5 2. Nf3 d6 3. c3 e5 4. Bd3 Nf6 5. Bc2 Bg4 6. h3 Bxf3 7. Qxf3 Nc6 8. d3 Qb6 9. Nd2 Qa6 10. O-O Be7 11. Bb3 b5 12. Bd5 O-O 13. Nb3 Rac8 14. Be3 Rc7 15. Rfd1 Rfc8 16. a3 Qb6 17. Nd2 Qb7 18. Rab1 Bd8 19. c4 Nxd5 20. exd5 Nd4 21. Bxd4 cxd4 22. Ne4 Be7 23. c5 Qxd5 24. Nf6+ Bxf6 25. Qxd5 Rxc5 26. Qxd6 h6 27. Qa6 Bg5 28. b4 R8c6 29. Qb7 Rc2 30. Qb8+ Kh7 31. Qxe5 Rf6 32. Rf1 Bf4 33. Qxd4 Bc7 34. Rbc1 Rxc1 35. Rxc1 Bb6 36. Qe4+ g6 37. Rc2 Re6 38. Qf3 Kg7 39. Re2 Rf6 40. Qg3 Rc6 41. Re7 g5 42. h4 Bd4 43. hxg5 hxg5 44. Qxg5+ Kf8 45. Rxf7+ Kxf7 46. Qd5+ Re6 47. Qxd4 a6 48. g3 Ke8 1-0

[Event "Swiss Championship U14 2022"]
[Site "Biel"]
[Date "2022.07.19"]
[Round "4.1"]
[White "Mattenberger, Matthias"]
[Black "Breyer, Philippe"]
[Result "1-0"]
[ECO "E42"]
[WhiteElo "2005"]
[BlackElo "1743"]
[Annotator "TA"]
[PlyCount "41"]
[EventDate "2022.07.18"]
[EventType "swiss"]
[EventCountry "SUI"]
[SourceTitle "playchess.com"]
[Source "ChessBase"]
[SourceQuality "1"]
[TimeControl "5400+30"]

1. d4 Nf6 2. c4 e6 3. Nc3 Bb4 4. e3 b6 5. Nge2 c5 6. a3 Ba5 7. Rb1 Na6 8. g3 Bb7 {[%emt 0:00:02] Against Bg2. E42: Nimzo-Indian: Rubinstein: 4...c5 5 Ne2.} 9. d5 $1 b5 10. b3 O-O {[%emt 0:08:01] White has an edge.} 11. Bg2 {[%emt 0:00:47] [#]} exd5 $146 ({Predecessor:} 11... b4 12. axb4 Nxb4 13. e4 exd5 14. exd5 Na2 15. Bd2 Nxc3 16. Bxc3 Bxc3+ 17. Nxc3 Re8+ {½-½ (42) Lenderman,A (2539)-Smith,B (2448) Arlington 2013}) 12. O-O Nc7 ({Black should try} 12... bxc4 $14 13. bxc4 Rb8) 13. b4 Bb6 14. bxc5 {[%emt 0:16:19] White is more active.} Bxc5 15. Nxb5 dxc4 $2 {[%emt 0:09:14][%mdl 8192] [#]} 16. Bxb7 $18 Rb8 17. Nbd4 Ncd5 18. Qc2 Qc7 19. Bxd5 ({Weaker is} 19. Qxc4 Nb6 20. Rxb6 Qxb6 $18) 19... Nxd5 20. Rxb8 Rxb8 21. Qxc4 {[%emt 0:01:45] Black got outplayed after the opening.  Weighted Error Value: White=0.07 (flawless) /Black=0.72} 1-0

[Event "Swiss Championship U14 2022"]
[Site "Biel"]
[Date "2022.07.19"]
[Round "4.2"]
[White "Stoll, Arturo"]
[Black "Arsenie, Cristian Marc"]
[Result "0-1"]
[ECO "B33"]
[WhiteElo "1434"]
[BlackElo "2001"]
[Annotator "TA"]
[PlyCount "110"]
[EventDate "2022.07.18"]
[EventType "swiss"]
[EventCountry "SUI"]
[SourceTitle "playchess.com"]
[Source "ChessBase"]
[SourceQuality "1"]
[TimeControl "5400+30"]

1. e4 c5 2. Nf3 Nc6 3. d4 cxd4 4. Nxd4 Nf6 5. Nc3 e5 6. Ndb5 d6 7. Bg5 a6 8. Na3 b5 9. Bxf6 gxf6 10. Nd5 f5 11. Bd3 Be6 12. Qh5 Rg8 13. g3 Rg5 (13... f4 $5) 14. Qxh7 {[%emt 0:03:25] B33: Sicilian: Pelikan and Sveshnikov Variations.} (14. Qd1 $1 $11 {remains equal.}) 14... Rg6 (14... Nd4 $1 $17 15. c3 Rg6) 15. Qh5 $11 (15. exf5 $2 Rh6 16. Qxh6 Bxh6 17. fxe6 fxe6 $19) 15... f4 {[%emt 0:08:07] [#]} 16. Be2 $146 (16. Qd1 $11) ({Predecessor:} 16. c3 Bg4 17. Qh4 Qxh4 18. gxh4 Bf3 19. h5 Rg7 20. h6 Rg6 21. Rf1 O-O-O 22. h7 {1-0 (38) Skalicky,F (2245)-Kuta,J (2320) ICCF email 2003}) 16... Rh6 (16... Nd4 $1 $19 17. Bd3 Bh6) 17. Qf3 $15 Nd4 18. Qd3 fxg3 (18... f5 $15 19. c3 fxe4 20. Qxe4 Nxe2 21. Kxe2 Rc8) 19. fxg3 $11 Bxd5 20. exd5 Qg5 21. c3 Nf5 {[%emt 0:00:59] [#]} (21... Nxe2 $14 22. Kxe2 b4) 22. Nxb5 $1 axb5 (22... Nxg3 23. Rg1) 23. Qxb5+ Ke7 24. Qb7+ Kf6 25. Qxa8 Nxg3 {[%emt 0:00:14] [#]} 26. Qxf8 $1 Nxh1 (26... Qe3 27. Qxd6+) 27. Qd8+ (27. Qxd6+ $2 Kg7 28. Qc5 Rxh2 $19) 27... Kf5 28. Bd3+ $1 (28. Qd7+ Kg6 29. Qg4 (29. Qxd6+ $2 Kg7 $19) 29... Qxg4 30. Bxg4 Rxh2 $17) 28... Kf4 29. Qxg5+ Kxg5 $18 {[%emt 0:00:06][%mdl 4096] Endgame KRB-KRN} 30. Kf1 $2 ({White must play} 30. a4 $1 $18 Rxh2 31. a5) 30... Rxh2 $11 31. Kg1 Rd2 32. Kxh1 Rxd3 {[%emt 0:00:04] KR-KR} 33. c4 $2 (33. a4 $11 {and White is okay.} Rd2 34. b4) 33... Rd2 $2 (33... e4 $19 34. a4 Kf4) 34. Rg1+ (34. b4 $11) 34... Kf5 (34... Kf4 $1 $17 {...e4 is the strong threat.} 35. Rg2 Rd4 36. Rf2+ Ke4) 35. Rg2 (35. Rg7 $11) 35... Rd1+ ({Better is} 35... Rd4 $1 $15) 36. Kh2 $2 {[%emt 0:00:19][%mdl 8192] [#]} (36. Rg1 $1 $11 {and White has nothing to worry.} Rd2 37. Rg2 Rd1+ 38. Rg1 Rd2) 36... Ke4 $2 (36... e4 $1 $19 37. Rg1 Rd2+ 38. Kg3 Ke5) 37. Rf2 (37. b4 $1 $11) 37... f5 $17 {[%emt 0:03:44][%cal Bf7f5,Bf5f4,Bf4f3][%mdl 1056] Hoping for ...f4. Black has strong compensation.} 38. Kg2 (38. b4 $17 {only move.}) 38... f4 $19 {[%emt 0:02:46] aiming for ...Kd3.} 39. Rc2 $2 (39. a4) 39... f3+ 40. Kg3 Rg1+ 41. Kh2 Rg7 {[%emt 0:01:15] ( -> ...Kf4)} 42. c5 dxc5 43. d6 Kd5 {[%emt 0:03:38] Threatens to win with ...e4.} 44. d7 Rxd7 45. Kg3 e4 46. Kf4 Rf7+ 47. Ke3 Rf5 $2 (47... Rg7 $19 {has better winning chances. And now ...Rg2 would win.} 48. Rh2 Rg1) 48. a3 $2 (48. Rd2+ $17 {prevents the worst.} Ke5 49. Rc2) 48... c4 49. Rd2+ Kc5 $2 (49... Ke5 $19 50. Rh2 (50. Rc2 $2 Rf8 $19) 50... Rf7) 50. Rc2 $2 {[%emt 0:00:32][%mdl 8192] [#]} ({White should try} 50. Rd1 $1 $15) 50... Kb5 $2 (50... Rf7 $1 $19 {is more deadly. White must now prevent ...Rf6.} 51. Rh2 Rf8) 51. Kf2 $2 ({Not} 51. a4+ $2 Kxa4 52. Rxc4+ Kb3 $19) (51. Rf2 $17) 51... Rg5 {[%emt 0:02:53] Black mates.} 52. Ke3 Rg2 53. Rc1 Re2+ 54. Kf4 f2 55. Rf1 e3 {[%emt 0:00:10] Never resign too early!  Weighted Error Value: White=0.94/Black=0.82} 0-1